 Dungeon Crawl Stone Soup version 0.29.0-13-gc9e81de378 (webtiles) character file.

Game seed: 6195161537821689232

97720 Camille the Peltast (level 15, -12/126 HPs)
             Began as a Demigod Ice Elementalist on Sept 11, 2022.
             Mangled by a naga warrior
             ... wielding a +0 war axe
              (40 damage)
             ... on level 1 of the Snake Pit.
             The game lasted 00:45:31 (30166 turns).

Camille the Peltast (Demigod Ice Elementalist)     Turns: 30166, Time: 00:45:32

Health: -12/126    AC: 11    Str: 15    XL:     15   Next: 28%
Magic:  43/44      EV:  8    Int: 37    God:
Gold:   377        SH: 15    Dex: 14    Spells: 12/37 levels left

rFire   + + .      SeeInvis +   a - +5 broad axe (flame)
rCold   + + .      Faith    .   G - +2 shield of Resistance {rF++ rC++ Will++}
rNeg    + . .      Spirit   .   n - +4 troll leather armour
rPois   +          Reflect  .   E - +0 helmet {SInv}
rElec   .          Harm     .   S - scarf {repulsion}
rCorr   .          Rampage  .   p - +0 pair of gloves
Will    +++..                   j - +0 pair of boots
Stlth   ++........              y - amulet of magic regeneration
HPRegen 1.11/turn               H - ring of poison resistance
MPRegen 0.69/turn               J - ring "Eplachoz" {rN+ MP+9 Str+6}

@: lethally poisoned (-12 -> -12), about to teleport, freezing walls,
constricted, repel missiles
A: high MP 1, forlorn, divine attributes, MP-powered wands
a: no special abilities


You were on level 1 of the Snake Pit.
You visited 4 branches of the dungeon, and saw 23 of its levels.
You also visited: Bailey.

You collected 4312 gold pieces.
You spent 3935 gold pieces at shops.

Inventory:

Hand Weapons
 a - a +5 broad axe of flaming (weapon)
Missiles
 o - 3 curare-tipped darts
 Q - a throwing net
Armour
 j - a +0 pair of boots (worn)
 n - a +4 troll leather armour (worn)
 p - a +0 pair of gloves (worn)
 s - a +0 robe of the Archmagi
 E - a +0 helmet of see invisible (worn)
 G - the +2 shield of Resistance (worn) {rF++ rC++ Will++}
   (You bought it in a shop on level 1 of the Orcish Mines)

   rF:        It greatly protects you from fire.
   rC:        It greatly protects you from cold.
   Will:      It greatly increases your willpower.
 S - a scarf of repulsion (worn)
Jewellery
 y - an amulet of magic regeneration (around neck)
 H - a ring of poison resistance (left hand)
 J - the ring "Eplachoz" (right hand) {rN+ MP+9 Str+6}
   (You bought it in a shop on level 2 of the Orcish Mines)

   [ring of strength]

   Str:       It affects your strength (+6).
   rN:        It protects you from negative energy.
   MP:        It affects your magic capacity (+9).
Wands
 d - a wand of paralysis (8)
 I - a wand of flame (41) (quivered)
 M - a wand of polymorph (3)
 N - a wand of mindburst (8)
Scrolls
 b - 6 scrolls of identify
 c - 7 scrolls of butterflies
 e - 8 scrolls of teleportation {!r}
 l - a scroll of brand weapon
 m - 3 scrolls of immolation
 r - 6 scrolls of magic mapping
 u - 6 scrolls of amnesia
 x - a scroll of poison
 A - 3 scrolls of blinking {!r}
 L - 5 scrolls of fear {!r}
Potions
 f - 3 potions of heal wounds {!q}
 g - 8 potions of invisibility {!q}
 h - 13 potions of curing {!q}
 i - 3 potions of attraction
 k - 3 potions of haste {!q}
 q - 4 potions of might {!q}
 t - 2 potions of resistance
 v - 2 potions of magic {!q}
 w - a potion of cancellation {!q}
 z - 4 potions of brilliance {!q}
 B - a potion of flight
 C - 4 potions of lignification
 F - 7 potions of mutation
 K - 3 potions of ambrosia
Miscellaneous
 D - a lightning rod (4/4)


   Skills:
 - Level 10.0 Fighting
 - Level 1.7 Dodging
 - Level 1.7 Stealth
 - Level 15.0 Shields
 + Level 11.7 Spellcasting
 - Level 3.8 Conjurations
 + Level 11.5 Ice Magic
 - Level 10.0 Evocations


You had 12 spell levels left.
You knew the following spells:

 Your Spells              Type           Power      Damage    Failure   Level
a - Freeze                Ice            100%       1d11      1%          1
b - Frozen Ramparts       Ice            100%       1d16      1%          3
c - Ozocubu's Armour      Ice            82%        N/A       1%          3
d - Passwall              Tmut/Erth      17%        N/A       6%          2
e - Sublimation of Blood  Necr           21%        N/A       6%          2
f - Orb of Destruction    Conj           25%        9d9       100%        7
g - Ozocubu's Refrigerat  Ice            41%        4d16      28%         7

Your spell library contained the following spells:

 Spells                   Type           Power      Damage    Failure   Level
 Shock                    Conj/Air       100%       1d9       1%          1
 Ensorcelled Hibernation  Hex/Ice        100%       N/A       1%          2
 Hailstorm                Conj/Ice       68%        3d14      1%          4
 Necrotise                Necr           84%        1d8       4%          1
 Sandblast                Erth           42%        2d11      4%          1
 Sting                    Tmut/Pois      84%        1d7       4%          1
 Dazzling Flash           Conj/Hex       72%        N/A       5%          3
 Stone Arrow              Conj/Erth      72%        3d11      5%          3
 Poisonous Vapours        Pois/Air       42%        N/A       6%          2
 Call Canine Familiar     Summ           21%        N/A       12%         3
 Portal Projectile        Hex/Tloc       42%        N/A       12%         3
 Spider Form              Tmut/Pois      21%        N/A       12%         3
 Summon Guardian Golem    Hex/Summ       21%        N/A       12%         3
 Swiftness                Air            21%        N/A       12%         3
 Vampiric Draining        Necr           21%        2d7       12%         3
 Airstrike                Air            10%        2d(2-18)  36%         4
 Anguish                  Hex/Necr       10%        N/A       36%         4
 Animate Armour           Summ/Erth      42%        N/A       36%         4
 Corpse Rot               Necr/Pois/Air  21%        N/A       36%         4
 Dispel Undead            Necr           21%        3d11      36%         4
 Leda's Liquefaction      Hex/Erth       10%        N/A       36%         4
 Olgreb's Toxic Radiance  Pois           21%        N/A       36%         4
 Agony                    Necr           21%        N/A       73%         5
 Alistair's Intoxication  Tmut/Pois      14%        N/A       73%         5
 Silence                  Hex/Air        10%        N/A       73%         5
 Summon Forest            Summ/Tloc      10%        N/A       73%         5
 Summon Mana Viper        Hex/Summ       21%        N/A       73%         5
 Iron Shot                Conj/Erth      18%        9d4       95%         6
 Death Channel            Necr           10%        N/A       99%         6
 Statue Form              Tmut/Erth      14%        N/A       99%         6
 Summon Cactus Giant      Summ           10%        N/A       99%         6
 Spellforged Servitor     Conj/Summ      18%        N/A       100%        7
 Chain Lightning          Conj/Air       18%        3d24      100%        9
 Fire Storm               Conj/Fire      18%        8d5       100%        9
 Shatter                  Erth           10%        3d12*     100%        9


Dungeon Overview and Level Annotations

Branches:
Dungeon (15/15)            Temple (0/1) D:7            Lair (5/5) D:9
  Swamp (0/4) Lair:2        Snake (1/4) Lair:2        Slime (0/5) Lair:5
    Orc (2/2) D:10            Elf (0/3) Orc:2        Vaults (0/5) D:14
 Depths (0/4) D:15         Bailey (visited)

Shops:
D:4 !   D:5 ?:   D:10 ?   D:15 (   Orc:1 [:*(   Orc:2 :[:=

Annotations:
D:11 dig
D:15 3 runed translucent doors, exclusion: orange crystal statue
Lair:5 dragons


Innate Abilities, Weirdness & Mutations

You have an increased reservoir of magic. (+10% MP)
You shall have no god before yourself.
Your divine heritage dramatically boosts your attributes as you level up.
You expend magic power (3 MP) to strengthen your wands.


Message History

You feel sick.
The wall freezes the naga.
The naga spits poison at you. The splash of poison misses you.
The wall freezes the naga warrior.
The naga warrior hits you with a +0 dire flail!
* * * LOW HITPOINT WARNING * * *
You block the naga warrior's attack.
The wall freezes the naga warrior. x2
You block the naga warrior's attack.
The salamander is frozen!
The wall freezes the salamander!!
You block the salamander's attack.
Really read
e - 9 scrolls of teleportation {!r}?
As you read the scroll of teleportation {!r}, it crumbles to dust.
You feel strangely unstable.
You feel sick.
The wall freezes the naga!
You kill the naga!
The wall freezes the naga warrior.
The naga warrior hits you but does no damage.
You block the naga warrior's attack.
The wall freezes the naga warrior!
You block the naga warrior's attack.
The salamander is frozen!
The wall freezes the salamander!!
You block the salamander's attack.
The naga mage mumbles some strange words.
The naga mage seems to speed up.
The wall freezes the naga warrior.
The naga warrior hits you with a +0 war axe!
* * * LOW HITPOINT WARNING * * *
The naga warrior grabs you. The naga warrior constricts you.
* * * LOW HITPOINT WARNING * * *
Really quaff
f - 4 potions of heal wounds {!q}?
You feel much better.
Your icy armour starts to melt.
You feel sick.
The wall freezes the naga warrior.
You block the naga warrior's attack.
The wall freezes the naga warrior!
The naga warrior hits you from afar with a +0 trident!
* * * LOW HITPOINT WARNING * * *
The salamander is frozen!
The wall freezes the salamander.
The salamander hits you from afar with a +0 spear of freezing.
* * * LOW HITPOINT WARNING * * *
You are engulfed in flames.
Your icy armour melts away.
You resist.
* * * LOW HITPOINT WARNING * * *
The wall freezes the naga sharpshooter.
The wall freezes the naga warrior!
The naga warrior hits you with a +0 war axe!!!
You die...

☼.○.....#
E○......#
........#
.☼.○....#
..E.☼...#
.....○.$##
......☼..#######
#.#######)†N....#
#. ###≈@N≈###..
#. ##.##NN##
##.###...))N+
###.......##N'#
.#........##....
#....#.....##
.....
#.#..#....##
.≈≈..
##.#.......#
.≈≈≈≈..
.#......##.#


You could see 3 naga warriors, a naga sharpshooter (strong), a salamander
(strong) and a naga mage (fast, strong).

Vanquished Creatures
  An orc warlord (Orc:2)
  The ghost of qborf the Severer, a journeyman MeBe of Trog (Lair:5)
  Nessos (Lair:5)
  Azrael (Snake:1)
  Snorg (D:14)
  The ghost of btonasse the Severer, a journeyman TeAK of Lugonu (D:11)
  9 boulder beetles
  2 hydras
  2 vault guards (D:14)
  Erolcha (Orc:1)
  Erica (D:8)
  5 two-headed ogres
  6 centaur warriors
  A naga warrior (Snake:1)
  A catoblepas (Lair:4)
  A deep troll earth mage (D:14)
  A naga sharpshooter (Snake:1)
  A tengu warrior (D:14)
  A shock serpent (Snake:1)
  3 orc high priests (Orc:2)
  9 skeletal warriors
  A golden dragon skeleton (D:15)
  A lindwurm (Lair:3)
  8 orc knights
  A deep elf pyromancer (D:12)
  A phantasmal warrior (D:15)
  6 orc sorcerers (Orc:2)
  A necromancer (D:15)
  3 ugly things
  5 cyclopes
  A manticore (D:14)
  10 black mambas
  4 elephants
  A frost giant skeleton (D:15)
  Joseph (D:8)
  Maurice (D:8)
  2 naga magi (Snake:1)
  Maggie (D:7)
  8 cane toads
  A gargoyle (D:11)
  2 unseen horrors
  3 rime drakes
  3 kobold demonologists (D:12)
  Psyche (D:8)
  7 komodo dragons
  A guardian mummy (D:15)
  4 tengu conjurers
  A spriggan skeleton (D:15)
  11 polar bears
  6 meliai
  6 trolls
  2 hornets
  3 raiju (Lair:5)
  10 blink frogs
  15 slime creatures
  4 dream sheep (Lair:5)
  A centaur simulacrum (D:15)
  2 shadows
  4 wraiths
  3 wyverns
  3 vampires
  5 basilisks
  9 humans (D:14)
  37 yaks
  A ynoxinul (D:11)
  Eustachio (D:4)
  2 fire elementals (Snake:1)
  4 steam dragons
  5 vampire mosquitoes (Lair:2)
  Grum (D:8)
  8 wargs
  4 acid dragons
  4 nagas
  16 hell hounds
  Duvessa (D:6)
  A human skeleton (D:15)
  13 water moccasins
  2 swamp drakes (Lair:5)
  2 ice beasts (D:6)
  3 sky beasts
  16 black bears
  36 orc warriors
  11 ogres
  2 centaurs
  43 wolves
  2 phantoms
  10 kobold brigands
  2 gnoll sergeants (D:9)
  15 bullfrogs
  A necrophage (D:5)
  4 scorpions
  12 wights
  Dowan (D:6)
  3 killer bees (D:9)
  3 electric eels (D:7)
  2 howler monkeys (D:8)
  2 jellies
  2 hounds
  8 iguanas
  28 orc priests
  A gnoll bouda (D:6)
  23 orc wizards
  7 hell rats (Lair:3)
  A wolf simulacrum (Lair:1)
  Robin (D:3)
  8 adders
  A white imp (D:4)
  4 worms
  2 dart slugs (D:3)
  96 orcs
  10 ball pythons
  7 endoplasms
  6 giant cockroaches
  17 goblins
  10 hobgoblins
  2 quokkas
  6 bats
  4 frilled lizards
  25 kobolds
  6 rats
758 creatures vanquished.

Vanquished Creatures (others)
  A human (D:14)
  An orc (Orc:2)
  34 fungi
  69 plants
105 creatures vanquished.

Grand Total: 863 creatures vanquished

Notes
Turn   | Place    | Note
-------+----------+-------------------------------------------
     0 | D:1      | Camille the Demigod Ice Elementalist began the quest for
                  | the Orb.
     0 | D:1      | Reached XP level 1. HP: 14/14 MP: 5/5
   392 | D:1      | Reached XP level 2. HP: 11/20 MP: 2/7
  1709 | D:2      | Reached XP level 3. HP: 26/26 MP: 7/9
  1713 | D:2      | Learned a level 3 spell: Frozen Ramparts
  1717 | D:2      | Learned a level 3 spell: Ozocubu's Armour
  2240 | D:3      | Noticed Robin
  2256 | D:3      | Killed Robin
  2262 | D:3      | Reached XP level 4. HP: 33/33 MP: 4/11
  3349 | D:4      | Reached XP level 5. HP: 36/38 MP: 3/13
  3352 | D:4      | Reached skill level 5 in Ice Magic
  3857 | D:4      | Noticed a black bear
  3859 | D:4      | Noticed a black bear
  3870 | D:4      | Killed a black bear
  3871 | D:4      | Reached XP level 6. HP: 26/45 MP: 4/15
  4369 | D:4      | Found Liuprej's Distillery.
  4372 | D:4      | Bought a potion of brilliance for 52 gold pieces
  4372 | D:4      | Bought a potion of curing for 39 gold pieces
  4471 | D:4      | Noticed Eustachio
  4528 | D:4      | Killed Eustachio
  4529 | D:4      | Reached XP level 7. HP: 47/50 MP: 3/17
  4708 | D:5      | Entered Level 5 of the Dungeon
  4791 | D:5      | Reached skill level 5 in Spellcasting
  5249 | D:5      | Found Apty's Magic Scroll Boutique.
  5258 | D:5      | Bought a scroll of identify for 20 gold pieces
  5258 | D:5      | Bought a scroll of identify for 20 gold pieces
  5625 | D:5      | Found Castruv's Vocational Training.
  6063 | D:5      | Bought a scroll of teleportation for 30 gold pieces
  6275 | D:6      | Reached XP level 8. HP: 24/57 MP: 4/20
  6276 | D:6      | Identified the +1 lajatang of Demonkind {spect, *Corrode
                  | Fly Int+9 Dex-3}
  6344 | D:6      | Noticed Duvessa
  6602 | D:6      | Killed Duvessa
  6616 | D:6      | Noticed Dowan
  6632 | D:6      | Killed Dowan
  7900 | D:7      | Reached XP level 9. HP: 59/68 MP: 21/25
  7918 | D:7      | Found a flagged portal.
  7927 | Bailey   | Entered a bailey
  8272 | Bailey   | Reached skill level 5 in Fighting
  8413 | D:7      | Found a staircase to the Ecumenical Temple.
  8457 | D:7      | Found a transporter.
  8587 | D:7      | Found a transporter.
  8728 | D:7      | Noticed Maggie
  8744 | D:7      | Killed Maggie
  9001 | D:6      | Identified a scroll of acquirement
  9422 | D:8      | Paralysed by a hornet for 1 turns
  9432 | D:8      | HP: 3/78 [poisoned by a hornet]
 10086 | D:8      | Noticed Erica
 10094 | D:8      | Killed Erica
 10095 | D:8      | Reached XP level 10. HP: 90/90 MP: 21/26
 10342 | D:8      | Noticed Psyche
 10342 | D:8      | Noticed Grum
 10346 | D:8      | Noticed Maurice
 10347 | D:8      | Killed Psyche
 10350 | D:8      | Killed Grum
 10355 | D:8      | Killed Maurice
 10356 | D:8      | Reached skill level 10 in Fighting
 10356 | D:8      | Reached skill level 1 in Evocations
 10472 | D:8      | Noticed Joseph
 10475 | D:8      | Paralysed by Joseph for 3 turns
 10481 | D:8      | Paralysed by Joseph for 4 turns
 10495 | D:8      | Killed Joseph
 10870 | D:5      | Bought a scroll of brand weapon for 95 gold pieces
 10870 | D:5      | Bought a scroll of poison for 40 gold pieces
 10931 | D:4      | Bought a potion of heal wounds for 65 gold pieces
 10931 | D:4      | Bought 2 potions of mutation for 208 gold pieces
 11087 | D:9      | Found a staircase to the Lair.
 11356 | D:9      | Reached skill level 5 in Evocations
 11467 | D:9      | Noticed a centaur warrior
 11479 | D:9      | Killed a centaur warrior
 11485 | D:9      | Noticed a boulder beetle
 11497 | D:9      | Reached XP level 11. HP: 38/99 MP: 6/27
 11502 | D:9      | Killed a boulder beetle
 11620 | D:9      | Noticed a centaur warrior
 11831 | D:9      | Identified the +4 dagger of Armageddon {vorpal, rElec}
 12050 | D:9      | Killed a centaur warrior
 12725 | D:9      | Learned a level 2 spell: Passwall
 12746 | D:10     | Entered Level 10 of the Dungeon
 12916 | D:10     | Found a staircase to the Orcish Mines.
 12923 | D:10     | Noticed an orc knight
 12927 | D:10     | Noticed an orc knight
 12947 | D:10     | Paralysed by a hornet for 2 turns
 13295 | D:10     | Found Purchixko's Magic Scroll Boutique.
 13321 | D:10     | Reached skill level 10 in Evocations
 13324 | D:10     | Killed an orc knight
 13325 | D:10     | Reached skill level 2 in Shields
 13397 | D:10     | Bought a scroll of enchant armour for 97 gold pieces
 13397 | D:10     | Bought a scroll of enchant armour for 97 gold pieces
 13397 | D:10     | Bought a scroll of enchant weapon for 97 gold pieces
 13397 | D:10     | Bought a scroll of magic mapping for 97 gold pieces
 13439 | D:10     | Noticed a two-headed ogre
 13450 | D:10     | Killed a two-headed ogre
 13453 | D:10     | Reached skill level 3 in Shields
 13648 | D:10     | Killed an orc knight
 13649 | D:10     | Reached skill level 4 in Shields
 13882 | D:11     | Noticed a two-headed ogre
 13891 | D:11     | Killed a two-headed ogre
 13892 | D:11     | Reached skill level 5 in Shields
 13950 | D:11     | Noticed a boulder beetle
 14004 | D:11     | Noticed a two-headed ogre
 14014 | D:11     | Killed a two-headed ogre
 14046 | D:11     | Noticed a boulder beetle
 14174 | D:11     | Found a runed translucent door.
 14180 | D:11     | Noticed btonasse's ghost (journeyman TeAK)
 14298 | D:11     | Reached skill level 6 in Shields
 14298 | D:11     | Reached XP level 12. HP: 79/106 MP: 22/28
 14731 | D:6      | HP: 1/106 [something (18)]
 14738 | D:6      | HP: 3/106 [something (11)]
 15058 | Lair:1   | Entered Level 1 of the Lair of Beasts
 15058 | Lair:1   | Noticed an eight-headed hydra
 15066 | Lair:1   | Killed an eight-headed hydra
 15067 | Lair:1   | Reached skill level 7 in Shields
 15186 | Lair:1   | Found a frozen archway.
 15409 | Lair:1   | Reached skill level 8 in Shields
 15802 | Lair:2   | Found a staircase to the Snake Pit.
 15820 | Lair:2   | Found a staircase to the Swamp.
 16087 | Lair:2   | Reached skill level 9 in Shields
 16836 | Lair:3   | Reached skill level 10 in Shields
 17470 | Lair:3   | Reached skill level 11 in Shields
 18370 | Lair:4   | Reached XP level 13. HP: 113/113 MP: 29/29
 19117 | Lair:4   | Reached skill level 12 in Shields
 19513 | Lair:5   | Entered Level 5 of the Lair of Beasts
 19710 | Lair:5   | Found a runed translucent door.
 19710 | Lair:5   | Noticed qborf's ghost (journeyman MeBe)
 19865 | Lair:5   | Reached skill level 13 in Shields
 20257 | Lair:5   | Got the Secrets of Unhallowed Magic and Toxins
 20317 | Lair:5   | Found a staircase to the Slime Pits.
 20416 | Lair:5   | Reached skill level 14 in Shields
 20836 | Lair:5   | Learned a level 2 spell: Sublimation of Blood
 20848 | Lair:5   | Learned a level 7 spell: Orb of Destruction
 21194 | Lair:5   | Noticed Nessos
 21206 | Lair:5   | Killed Nessos
 21665 | Orc:1    | Entered Level 1 of the Orcish Mines
 21794 | Orc:1    | Found Usuaceve's Antique Weapon Boutique.
 21853 | Orc:1    | Found Farawk's Armour Shop.
 21862 | Orc:1    | Bought the +2 shield of Resistance {rF++ rC++ Will++} for
                  | 1057 gold pieces
 21862 | Orc:1    | Found the +2 shield of Resistance {rF++ rC++ Will++}
 21908 | Orc:2    | Entered Level 2 of the Orcish Mines
 22057 | Orc:2    | Noticed an orc warlord
 22197 | Orc:2    | Reached skill level 15 in Shields
 22267 | Orc:2    | Killed an orc warlord
 22268 | Orc:2    | Reached skill level 1 in Conjurations
 22656 | Orc:2    | Found a staircase to the Elven Halls.
 22763 | Orc:2    | Reached XP level 14. HP: 67/121 MP: 25/30
 23203 | Orc:2    | Found Aryng's Book Shop.
 23203 | Orc:2    | Found Pudueg's Jewellery Shoppe.
 23205 | Orc:2    | Found Owkypit's Book Shop.
 23205 | Orc:2    | Found Azapeluxt's Armour Shoppe.
 23433 | Orc:2    | Bought Ozocubu's Autobiography for 360 gold pieces
 23441 | Orc:2    | Learned a level 7 spell: Ozocubu's Refrigeration
 23444 | Orc:2    | Bought a +0 helmet of see invisible for 138 gold pieces
 23457 | Orc:2    | Acquired 940 gold pieces
 23459 | Orc:2    | Bought an amulet of magic regeneration for 360 gold pieces
 23459 | Orc:2    | Bought the ring "Eplachoz" {rN+ MP+9 Str+6} for 793 gold
                  | pieces
 23562 | Orc:1    | Found Ybrayxoi's Assorted Antiques.
 23623 | Orc:1    | Bought a scroll of enchant armour for 135 gold pieces
 23700 | Orc:1    | Bought a scroll of magic mapping for 135 gold pieces
 23748 | Orc:1    | Noticed Erolcha
 23750 | Orc:1    | Found Boowae's Book Boutique.
 23770 | Orc:1    | Killed Erolcha
 24512 | D:12     | Gained mutation: You expend magic power (3 MP) to
                  | strengthen your wands. [a neqoxec]
 26014 | D:13     | Reached skill level 10 in Spellcasting
 26700 | D:14     | Found a gate to the Vaults.
 26715 | D:14     | Reached skill level 10 in Ice Magic
 27004 | D:14     | Noticed Snorg
 27020 | D:14     | Killed Snorg
 27547 | D:15     | Entered Level 15 of the Dungeon
 27734 | D:15     | Reached XP level 15. HP: 31/126 MP: 35/35
 27831 | D:15     | Found a staircase to the Depths.
 28050 | D:15     | Found Himuptud's Weapon Shoppe.
 28170 | D:15     | Found a runed translucent door.
 28177 | D:15     | Found a runed translucent door.
 28190 | D:15     | Found a runed translucent door.
 28625 | D:15     | Found a runed translucent door.
 29139 | D:11     | Killed btonasse's ghost
 29159 | D:11     | Got the Catalogue of Stones
 29489 | Lair:5   | Killed qborf's ghost
 29699 | Snake:1  | Entered Level 1 of the Snake Pit
 30141 | Snake:1  | Noticed Azrael
 30158 | Snake:1  | Killed Azrael
 30166 | Snake:1  | Mangled by a naga warrior

Illustrated notes

Levels and vault maps discovered:
D:1:      amcnicky_arrival_flooded_fountain, layout_rooms, serial_rivers,
          chequers_serial_rivers_small_3, chequers_serial_rivers_small_b,
          chequers_serial_rivers_marsh, chequers_serial_rivers_micro_d,
          chequers_serial_rivers_micro_d, chequers_serial_rivers_micro_d
D:2:      layout_rooms
D:3:      layout_rooms, lemuel_round_altar,
          shapermc_ecumenical_altar_mp_ritualfount, chequers_big_river,
          grunt_decor_resistance, dk_noncrumbling_3, uniq_robin
D:4:      minmay_inner_zag, layout_basic, mainiacjoe_overflow_alcove_1,
          serial_shops, kennysheep_mini_moat, uniq_eustachio
D:5:      layout_layer_cave, serial_shops, shop_scrolls, st_stairs_12,
          nicolae_shop_vocational
D:6:      layout_rooms, nzn_random_ring, uniq_duvessa
D:7:      gammafunk_steamed_eel, layout_rooms, nicolae_overflow_hidden_temple,
          minmay_temple_entry_glass, enter_bailey_8, uniq_maggie
D:8:      layout_basic, uniq_maurice, uniq_psyche, uniq_joseph, uniq_grum,
          uniq_erica
D:9:      hangedman_cross_cluster, layout_basic, corner_web_ring,
          amcnicky_mini_pool_small, nicolae_figureground_sparkle
D:10:     layout_roguey, david_orc_5, serial_shops, shop_fountains
D:11:     layout_gridville, hellmonk_ghost_big_iron,
          onia_ninara_dug_in_and_dangerous
D:12:     layout_layer_cave, nicolae_two_hexagons, tso_oasis_becter
D:13:     layout_roguey, chequers_serial_rivers_micro_a
D:14:     layout_irregular_city, ximxim_vaults_locker_room,
          nicolae_elevator_lobby_asterisk, kennysheep_four_rooms, uniq_snorg
D:15:     gammafunk_depths_entry_grave, layout_long_grid, serial_shops,
          nicolae_shop_bloodbath_and_beyond, basic_altar, serial_bayou_pond_a,
          minmay_statue_crystal_thing
Lair:1:   layout_misc_corridors, portal_ice_cave_entry_ice_simulacra
Lair:2:   layout_regular_city, minmay_swamp_entry_swarm,
          guppyfry_snake_entry_island
Lair:3:   hellmonk_destroyed_diamonds, layout_cave_pods, patterned_corridor,
          lemuel_fruit_fields
Lair:4:   layout_layer_cave, beast_lair_carwin_3
Lair:5:   hangedman_lair_caniforms_friends, layout_regular_city,
          guppyfry_lair_end_dragon, dpeg_slime_entry_corner,
          hellmonk_ghost_happy_afterlife, lemuel_fruit_tree, uniq_nessos
Snake:1:  layout_rooms, nicolae_snake_omega, serial_bayou_shore_a, uniq_azrael,
          uniq_aizul
Orc:1:    layout_diamond_mine, serial_shops, nicolae_shop_trees, shop,
          nicolae_shop_hallway_plus, nicolae_shop_crystal, uniq_erolcha
Orc:2:    grunt_orc_tribal_feast, layout_caves, david_defended_altar_orc

Skill      XL: |  1  2  3  4  5  6  7  8  9 10 11 12 13 14 15 |
---------------+----------------------------------------------+-----
Spellcasting   | 2 3 4 6 8 11 | 11.7
Ice Magic      | 4 5 6 7 8 10 11 | 11.5
Fighting       | 2 8 10 | 10.0
Evocations     | 6 10 | 10.0
Shields        | 6 11 15 | 15.0
Conjurations   | 2 3 |  3.8
Dodging        | |  1.7
Stealth        | |  1.7

Action                   |  1- 3 |  4- 6 |  7- 9 | 10-12 | 13-15 || total
-------------------------+-------+-------+-------+-------+-------++-------
Melee: Rapier            |    73 |   122 |    55 |       |       ||   250
       Unarmed           |     1 |       |       |       |       ||     1
       Punch             |     1 |     1 |     2 |     1 |       ||     5
       Morningstar       |       |       |   123 |   218 |       ||   341
       Broad axe         |       |       |       |   168 |   783 ||   951
Throw: Dart              |       |       |       |     3 |    31 ||    34
 Cast: Freeze            |    21 |    12 |    11 |    19 |     9 ||    72
       Frozen Ramparts   |     2 |    16 |    42 |    97 |   153 ||   310
       Ozocubu's Armour  |       |    10 |    42 |    97 |   154 ||   303
Evoke: Wand              |       |       |       |     9 |    19 ||    28
  Use: Scroll            |       |     3 |    11 |    22 |    13 ||    49
       Potion            |       |       |     2 |     7 |     4 ||    13
 Stab: Sleeping          |     1 |     5 |     1 |       |     1 ||     8
       Paralysed         |       |       |       |    20 |       ||    20
       Invisible         |       |       |       |       |     2 ||     2
Armor: Robe              |    18 |    69 |    85 |    10 |       ||   182
       Troll leather arm |       |       |       |   321 |   551 ||   872
Dodge: Dodged            |    51 |   113 |   157 |   350 |   532 ||  1203
       Repelled          |       |       |       |     2 |     8 ||    10
Block: Buckler           |       |       |       |   266 |   322 ||   588
       Reflection        |       |       |       |     2 |    27 ||    29
       Kite shield       |       |       |       |       |   835 ||   835
